 Dungeon Crawl Stone Soup version 0.26.1-11-gd32895ea62 (webtiles) character file.

Game seed: 14909938304952823798

7322 phalm the Destroyer (level 10, -1/120 HPs)
             Began as a Demonspawn Conjurer on June 24, 2021.
             Was an Initiate of Gozag.
             Slain by an Executioner (14 damage)
             ... on level 1 of the Abyss.
             The game lasted 00:21:19 (12376 turns).

phalm the Destroyer (Demonspawn Conjurer)          Turns: 12376, Time: 00:21:20

Health: -1/120     AC: 11    Str:  7    XL:     10   Next: 90%
Magic:  0/29       EV: 12    Int: 24    God:    Gozag
Gold:   1015       SH:  0    Dex: 11    Spells: 11/22 levels left

rFire    . . .     SeeInvis .   a - staff of conjuration
rCold    . . .     Faith    .   (no shield)
rNeg     . . .     Spirit   +   K - +0 steam dragon scales
rPois    .         Reflect  .   r - +0 hat
rElec    .         Harm     .   I - +1 cloak
rCorr    .         Rampage  .   (no gloves)
Will     .....                  s - +0 pair of boots
Stlth    ..........             y - amulet of magic regeneration
HPRegen  0.30/turn              W - ring of magical power
MPRegen  0.46/turn              (no ring)

@: berserking (expiring), about to teleport, very quick
A: horns 2, molten scales 2, powered by death 1, magic shield
a: Renounce Religion, Potion Petition, Call Merchant, Bribe Branch


You were on level 1 of the Abyss.
You worshipped Gozag.
Gozag was most pleased with you.
You visited 1 branch of the dungeon, and saw 9 of its levels.
You visited the Abyss 1 time.

You collected 1424 gold pieces.
You paid 409 gold pieces to Gozag.


Innate Abilities, Weirdness & Mutations

You have a pair of horns on your head.
You are mostly covered in molten scales. (AC +3)
You regenerate a little health from kills.
When hurt, damage is shared between your health and your magic reserves.


   Skills:
 + Level 7.7 Fighting
 - Level 1.7 Dodging
 - Level 1.7 Stealth
 + Level 6.9 Spellcasting
 + Level 8.9 Conjurations
 - Level 7.0 Hexes
 - Level 7.0 Translocations


You had 11 spell levels left.
You knew the following spells:

 Your Spells              Type           Power        Failure   Level
f - Fulminant Prism       Conj/Hex       31%          2%          4
m - Magic Dart            Conj           100%         1%          1
s - Searing Ray           Conj           100%         1%          2
X - Iskenderun's Mystic   Conj/Tloc      63%          2%          4

Your spell library contained the following spells:

 Spells                   Type           Power        Failure   Level
 Dazzling Flash           Conj/Hex       100%         1%          3

Inventory:

Hand Weapons
 b - a +2 rapier of venom
   (You took it off Duvessa on level 6 of the Dungeon)
 h - a +0 spear
   (You found it on level 1 of the Dungeon)
Missiles
 k - 193 arrows
 l - 96 bolts
 v - 42 sling bullets
 w - 35 poisoned darts (quivered)
 H - 199 stones
Armour
 r - a +0 hat (worn)
   (You took it off Gastronok on level 8 of the Dungeon)
 s - a +0 pair of boots (worn)
   (You found it on level 3 of the Dungeon)
 I - a +1 cloak (worn)
   (You took it off Crazy Yiuf on level 6 of the Dungeon)
 K - +0 steam dragon scales (worn)
   (You took it off Maggie on level 7 of the Dungeon)
Magical Staves
 a - an uncursed staff of conjuration (weapon)
   (You found it on level 3 of the Dungeon)
Jewellery
 y - an amulet of magic regeneration (around neck)
   (You took it off a centaur on level 6 of the Dungeon)
 W - a ring of magical power (left hand)
   (You found it on level 8 of the Dungeon)
Wands
 x - a wand of paralysis (15)
   (You found it on level 4 of the Dungeon)
 B - a wand of polymorph (10)
   (You found it on level 5 of the Dungeon)
Scrolls
 c - 3 scrolls of enchant armour
 d - 7 scrolls of remove curse {@r2}
 e - 5 scrolls of teleportation {@r4}
 f - 4 scrolls of blinking {!r}
 g - 6 scrolls of magic mapping {!r}
 i - a scroll of fear
 n - a scroll of enchant weapon
 p - a scroll of brand weapon
 q - a scroll of noise {unknown}
 E - a scroll of fog {unknown}
 F - a scroll of torment {unknown}
Potions
 j - 4 potions of heal wounds {@q2}
 m - 5 potions of might
 o - a potion of cancellation {unknown}
 t - 5 potions of curing {@q1}
 u - a potion of haste {unknown}
 z - a potion of mutation {unknown}
 A - a potion of degeneration {unknown}
 C - 2 potions of lignification {unknown}
 D - a potion of invisibility {unknown}
 J - a potion of attraction {unknown}
Miscellaneous
 G - a phial of floods
   (You found it on level 6 of the Dungeon)

Dungeon Overview and Level Annotations

Branches:
Dungeon (9/15)             Temple (0/1) D:5            Lair (0/6) D:8
    Orc: D:9-12

Altars:
Cheibriados
Dithmenos
Elyvilon
Gozag
Hepliaklqana
Okawaru
Qazlal
Ru
Trog
Vehumet
Wu Jian
Yredelemnul
The Shining One

Annotations:
D:6 4 runed translucent doors
D:7 Harold
D:8 Psyche

#.. ... ..# .#
. . ###. # ..
## . .. ..#
.... ##.# #.
#.. #..
##..#### #.# .
..# #
.#...###..#..
#. . ...
###.#.... ..
.. .
....#.##.ยง# .
..
.#.#.#..#.@x##
.#.# ....
#.#.1.####1..#
.## #.#...x# #
.. # #
##.##...#
#.##..#X##
#..#.### #
#ยง# ..## ..#
.# .. ##


You could see an Executioner (fast) and 2 small abominations.


Message History

The Executioner hits you!! The Executioner hits you.
The Executioner hits you but does no damage.
The Executioner hits you.
The Executioner hits you but does no damage. x2 ๐Ÿ˜ฎ HP[-22] MP[-5]
You take 22 damage, and now have 47/80 hp.
MASSIVE DAMAGE!! (PAUSE)
You lost 5 mp, and now have 14/29 mp.
The Executioner gestures at you.
You struggle to resist.
The Executioner hits you!!
* * * LOW HITPOINT WARNING * * *
The Executioner barely misses you.
The Executioner misses you. ๐Ÿ˜จ HP[-19] MP[-5]
You take 19 damage, and now have 28/80 hp.
MASSIVE DAMAGE!! (PAUSE)
You lost 5 mp, and now have 9/29 mp.
Casting: Iskenderun's Mystic Blast (dangerous; 2% risk of failure)
Confirm with . or Enter, or press ? or * to list all spells.
You feel a surge of power!
You erupt in a blast of force!
The mystic blast hits the Executioner!
The Executioner is knocked back by the mystic blast.
The Executioner barely misses you.
The Executioner hits you but does no damage. x2
The Executioner hits you.
* * * LOW HITPOINT WARNING * * *
The Executioner hits you.
* * * LOW HITPOINT WARNING * * *
The Executioner barely misses you. ๐Ÿ˜จ HP[-7] MP[-5]
You take 7 damage, and now have 21/80 hp.
You lost 5 mp, and now have 4/29 mp.
Unknown command.
Casting: Iskenderun's Mystic Blast (dangerous; 2% risk of failure)
Confirm with . or Enter, or press ? or * to list all spells.
You feel a surge of power!
You erupt in a blast of force!
The mystic blast hits the Executioner!
The Executioner is knocked back by the mystic blast.
The Executioner slams into the rock wall!
The Executioner gestures at you.
You struggle to resist. ๐Ÿ˜จ MP[-3]
You lost 3 mp, and now have 1/29 mp.
Unknown command. [a] - 340 gold - lignification, might and resistance [b] - 364 gold - heal wounds, curing and berserk rage [c] - 408 gold - lignification, might and resistance Purchase which effect?
You feel much better.
You feel better.
A red film seems to cover your vision as you go berserk!
You feel yourself moving faster!
You feel mighty! The Executioner hits you!
The Executioner hits you but does no damage.
The Executioner hits you.
The Executioner hits you but does no damage.
The Executioner hits you.
The Executioner hits you but does no damage.
A small abomination comes into view.
The Executioner completely misses you.
The Executioner hits you but does no damage.
The Executioner completely misses you.
A large abomination comes into view. ๐Ÿ˜ฎ HP[+63] MP[-1]
You now have 120 max hp (+40).
You regained 63 hp, and now have 84/120 hp.
You lost 1 mp, and now have 0/29 mp.
Unknown command.
You barely miss the Executioner. The Executioner barely misses you.
The Executioner hits you.
The Executioner hits you but does no damage.
The Executioner hits you! The Executioner closely misses you.
The Executioner hits you but does no damage. ๐Ÿ˜ฎ HP[-13] MP[+1]
You take 13 damage, and now have 71/120 hp.
You hit the Executioner. Your headbutt misses the Executioner.
The Executioner hits you!!
* * * LOW HITPOINT WARNING * * *
The Executioner hits you.
* * * LOW HITPOINT WARNING * * *
The Executioner hits you.
* * * LOW HITPOINT WARNING * * *
The Executioner hits you!!
* * * LOW HITPOINT WARNING * * *
The Executioner closely misses you. The Executioner hits you.
* * * LOW HITPOINT WARNING * * *
The Executioner barely misses you. The Executioner completely misses you.
The Executioner hits you but does no damage. ๐Ÿ˜ฑ HP[-50] MP[-1]
You take 50 damage, and now have 21/120 hp.
MASSIVE DAMAGE!! (PAUSE)
You lost 1 mp, and now have 0/29 mp.
The Executioner hits you.
* * * LOW HITPOINT WARNING * * *
The Executioner hits you but does no damage.
The Executioner hits you.
* * * LOW HITPOINT WARNING * * *
๐Ÿ˜ฑ HP[-8]
You take 8 damage, and now have 13/120 hp.
You feel a strong urge to attack something.
The Executioner hits you!
You die...
Your body crumbles into a pile of gold.

Skill      XL: |  1  2  3  4  5  6  7  8  9 10 |
---------------+-------------------------------+-----
Fighting       | 1 2 3 4 5 7 |  7.7
Conjurations   | 5 6 7 8 |  8.9
Spellcasting   | 3 4 5 6 |  6.9
Hexes          | 1 3 4 6 7 |  7.0
Translocations | 1 2 4 6 7 |  7.0
Dodging        | |  1.7
Stealth        | |  1.7

Action                   |  1- 3 |  4- 6 |  7- 9 | 10-12 || total
-------------------------+-------+-------+-------+-------++-------
Melee: Unarmed           |     2 |       |       |       ||     2
       Spear             |    30 |    21 |       |       ||    51
       Headbutt          |     3 |     6 |     4 |     1 ||    14
       Staff             |       |    10 |    34 |     8 ||    52
       Rapier            |       |       |       |     1 ||     1
Throw: Stone             |     3 |     1 |       |       ||     4
 Cast: Magic Dart        |   107 |    47 |    90 |    16 ||   260
       Searing Ray       |       |    14 |    65 |    15 ||    94
       Iskenderun's Myst |       |       |       |     8 ||     8
       Fulminant Prism   |       |       |       |     4 ||     4
Invok: Potion Petition   |       |       |       |     1 ||     1
Evoke: Wand              |       |       |       |     5 ||     5
  Use: Scroll            |       |     3 |     8 |     1 ||    12
 Stab: Sleeping          |       |       |     1 |       ||     1
       Paralysed         |       |       |       |     6 ||     6
Armor: Robe              |     6 |    13 |    27 |       ||    46
       Steam dragon scal |       |       |     2 |    29 ||    31
Dodge: Dodged            |    23 |    32 |    58 |    34 ||   147

Levels and vault maps discovered:
D:1:      ncdulo_wetmaze, layout_loops_ring, tso_altar
D:2:      layout_basic, lemuel_round_altar, vehumet_crystals,
          grunt_dithmenos_smoke_and_mirrors
D:3:      layout_loops_cross, cheibriados_altar_1, grunt_gozag_breadcrumbs,
          wad_orctagon
D:4:      layout_loops_ring, lemuel_doored_altar, nicolae_zen_rock_garden
D:5:      layout_cave_pods, yredelemnul_forgotten_temple_becter,
          minmay_temple_entry_trees, uniq_sigmund, uniq_edmund,
          uniq_blork_the_orc, uniq_prince_ribbit1
D:6:      layout_layer_cave, nzn_hepliaklqana_mist_gate,
          minmay_hollow_rounded_squares, uniq_duvessa, uniq_crazy_yiuf_cottage
D:7:      layout_loops_corners, tgw_trog, nicolae_ru_great_annihilating_truth,
          marbit_many_paths, hangedman_decor_points,
          minmay_fractal_squares_diagonal_5, uniq_maggie, uniq_pikel,
          uniq_harold
D:8:      layout_basic, elyvilon_altar_4, kennysheep_mini, david_lair_generic,
          uniq_psyche, uniq_joseph, uniq_gastronok
D:9:      layout_long_grid, minmay_orc_entry_temple_small
Abyss:1:  base:
D:5

Notes
Turn   | Place    | Note
-------+----------+-------------------------------------------
     0 | D:1      | phalm the Demonspawn Conjurer began the quest for the Orb.
     0 | D:1      | Reached XP level 1. HP: 13/13 MP: 3/3
     0 | D:1      | magus.rc [v1.9.10]
   279 | D:1      | Gained mutation: You have a pair of small horns on your
                  | head. [demonic ancestry]
   279 | D:1      | Reached XP level 2. HP: 20/20 MP: 1/5
  1016 | D:1      | Found a glowing golden altar of the Shining One.
  1089 | D:1      | Reached skill level 1 in Fighting
  1290 | D:2      | Found a shadowy altar of Dithmenos.
  1450 | D:2      | Reached XP level 3. HP: 23/26 MP: 0/6
  1812 | D:2      | Found an iron altar of Okawaru.
  2336 | D:2      | Found a radiant altar of Vehumet.
  3078 | D:3      | Learned a level 2 spell: Searing Ray
  3296 | D:3      | Gained mutation: You are partially covered in molten
                  | scales. (AC +2) [demonic ancestry]
  3296 | D:3      | Reached XP level 4. HP: 22/32 MP: 0/7
  3412 | D:3      | Found a snail-covered altar of Cheibriados.
  3692 | D:3      | Reached skill level 5 in Conjurations
  4034 | D:3      | Found an opulent altar of Gozag.
  4109 | D:3      | Became a worshipper of Gozag Ym Sagoz the Greedy
  4337 | D:4      | Reached skill level 2 in Fighting
  4351 | D:4      | Reached skill level 3 in Spellcasting
  4351 | D:4      | Reached XP level 5. HP: 34/38 MP: 0/9
  4635 | D:4      | Noticed a centaur
  4646 | D:4      | Killed a centaur
  4647 | D:4      | Reached skill level 6 in Conjurations
  4647 | D:4      | Gained mutation: When hurt, damage is shared between your
                  | health and your magic reserves. [demonic ancestry]
  4647 | D:4      | Reached XP level 6. HP: 18/46 MP: 1/11
  4933 | D:4      | Reached skill level 3 in Fighting
  4938 | D:4      | Learned a level 4 spell: Iskenderun's Mystic Blast
  4943 | D:4      | Learned a level 4 spell: Fulminant Prism
  5370 | D:4      | Reached skill level 1 in Hexes
  5370 | D:4      | Reached skill level 1 in Translocations
  5472 | D:4      | Gained mutation: You are mostly covered in molten scales.
                  | (AC +3) [demonic ancestry]
  5472 | D:4      | Reached XP level 7. HP: 52/52 MP: 6/12
  5736 | D:4      | Found an ornate altar of the Wu Jian Council.
  5978 | D:5      | Entered Level 5 of the Dungeon
  5983 | D:5      | Reached skill level 2 in Hexes
  5985 | D:5      | Reached skill level 2 in Translocations
  6319 | D:5      | Noticed Blork the orc
  6325 | D:5      | Killed Blork the orc
  6326 | D:5      | Reached skill level 4 in Spellcasting
  6618 | D:5      | Noticed Edmund
  6623 | D:5      | Killed Edmund
  6689 | D:5      | Found a staircase to the Ecumenical Temple.
  6723 | D:5      | Reached skill level 3 in Hexes
  6723 | D:5      | Gained mutation: You regenerate a little health from kills.
                  | [demonic ancestry]
  6723 | D:5      | Reached XP level 8. HP: 60/60 MP: 10/14
  6777 | D:5      | Reached skill level 3 in Translocations
  6828 | D:5      | Noticed Prince Ribbit
  6844 | D:5      | Killed Prince Ribbit
  6845 | D:5      | Reached skill level 4 in Fighting
  7270 | D:5      | Noticed Sigmund
  7277 | D:5      | Killed Sigmund
  7278 | D:5      | Reached skill level 4 in Hexes
  7414 | D:5      | Found a basalt altar of Yredelemnul.
  7898 | D:6      | Reached skill level 7 in Conjurations
  7898 | D:6      | Reached skill level 4 in Translocations
  8443 | D:6      | Found a large runed translucent door.
  8443 | D:6      | Found a large runed translucent door.
  8450 | D:6      | You fall into a shaft and drop 3 floors!
  8467 | D:8      | Found a staircase to the Lair.
  8467 | D:8      | Noticed an elephant
  8483 | D:8      | Noticed Gastronok
  8556 | D:8      | Gained mutation: You have a pair of horns on your head.
                  | [demonic ancestry]
  8556 | D:8      | Reached XP level 9. HP: 66/66 MP: 10/16
  8743 | D:8      | Found a white marble altar of Elyvilon.
  8791 | D:7      | Reached skill level 5 in Hexes
  8844 | D:7      | Noticed Harold
  9051 | D:6      | Reached skill level 5 in Spellcasting
  9152 | D:6      | Noticed a troll
  9159 | D:6      | Found a large runed translucent door.
  9159 | D:6      | Found a large runed translucent door.
  9177 | D:6      | Reached skill level 5 in Fighting
  9210 | D:6      | Reached skill level 5 in Translocations
  9573 | D:6      | Noticed Duvessa
  9574 | D:6      | Noticed Dowan
  9579 | D:6      | Killed Duvessa
  9584 | D:6      | Killed Dowan
  9668 | D:6      | Found a hazy altar of Hepliaklqana.
  9806 | D:6      | Found a runed translucent door.
  9807 | D:6      | Noticed Crazy Yiuf
  9935 | D:6      | Killed Crazy Yiuf
 10085 | D:7      | Found a sacrificial altar of Ru.
 10178 | D:7      | Reached skill level 6 in Hexes
 10421 | D:7      | Noticed Maggie
 10427 | D:7      | Paralysed by Maggie for 4 turns
 10434 | D:7      | Killed Maggie
 10772 | D:7      | Reached skill level 6 in Translocations
 10937 | D:7      | Noticed a cyan ugly thing
 10950 | D:7      | Killed a cyan ugly thing
 10951 | D:7      | Reached XP level 10. HP: 36/76 MP: 1/18
 11158 | D:7      | Noticed a moth of wrath
 11161 | D:7      | Found a bloodstained altar of Trog.
 11259 | D:7      | Noticed Pikel
 11266 | D:7      | Killed Pikel
 11267 | D:7      | Reached skill level 8 in Conjurations
 11267 | D:7      | Reached skill level 7 in Hexes
 11304 | D:7      | HP: 16/65 [Harold/+2 battleaxe of draining (7)]
 11779 | D:7      | Found a stormy altar of Qazlal.
 11951 | D:8      | Killed an elephant
 11952 | D:8      | Reached skill level 6 in Fighting
 11973 | D:8      | Killed Gastronok
 11974 | D:8      | Reached skill level 7 in Fighting
 11974 | D:8      | Reached skill level 6 in Spellcasting
 11974 | D:8      | Reached skill level 7 in Translocations
 12006 | D:8      | Noticed a two-headed ogre
 12034 | D:8      | Killed a two-headed ogre
 12288 | D:8      | Noticed Psyche
 12297 | D:8      | You are cast into the Abyss!
 12297 | D:8      | Cast into level 1 of the Abyss (Psyche)
 12363 | Abyss:1  | Noticed an Executioner
 12374 | Abyss:1  | HP: 22/120 [Executioner (23)]
 12376 | Abyss:1  | Slain by an Executioner

Vanquished Creatures
  Gastronok (D:8)
  A two-headed ogre (D:8)
  Pikel (D:7)
  An ugly thing (D:7)
  An elephant (D:8)
  Maggie (D:7)
  Prince Ribbit (D:5)
  Sigmund (D:5)
  A wyvern (D:8)
  A basilisk (D:8)
  Edmund (D:5)
  Duvessa (D:6)
  An ice beast (D:6)
  2 orc warriors
  A black bear (D:8)
  3 ogres
  5 centaurs
  3 lemures (D:7)
  2 big kobolds
  Blork the orc (D:5)
  7 bullfrogs
  Dowan (D:6)
  4 scorpions
  2 howler monkeys
  3 jellies
  A centaur zombie (D:5)
  4 hounds
  A centaur skeleton (D:6)
  Crazy Yiuf (D:6)
  A bullfrog skeleton (D:4)
  An iguana (D:5)
  6 orc wizards
  3 worker ants
  A hound zombie (D:4)
  A howler monkey zombie (D:8)
  A worker ant zombie (D:5)
  A howler monkey skeleton (D:7)
  8 adders
  2 gnolls (D:4)
  A shadow imp (D:5)
  A white imp (D:8)
  2 ufetubi (D:6)
  3 worms
  4 leopard geckos
  21 orcs
  6 giant cockroaches
  7 goblins
  7 hobgoblins
  9 jackals
  12 kobolds
  2 quokkas
  2 ball pythons
  8 bats
  7 frilled lizards
  A jackal skeleton (D:5)
  A quokka skeleton (D:4)
  13 rats
  A spectral orc (D:5)
187 creatures vanquished.

Vanquished Creatures (others)
  An adder (D:8)
  A quokka (D:8)
  4 fulminant prisms (D:8)
  12 plants
18 creatures vanquished.

Grand Total: 205 creatures vanquished

Table legend:
 A = Non-vault XP
 B = Vault XP
 C = Vault XP percentage of total XP
 D = Non-vault monster count
 E = Vault monster count
 F = Vault count percentage of total count
                 A         B        C        D         E       F
            +---------+---------+-------+---------+---------+-------
      Total |    4494 |    5966 |  57.0 |     146 |      38 |  20.7
            +---------+---------+-------+---------+---------+-------
        D:1 |      33 |       0 |   0.0 |      23 |       0 |   0.0
        D:2 |      38 |       0 |   0.0 |      15 |       0 |   0.0
        D:3 |      50 |      12 |  19.4 |      22 |       4 |  15.4
        D:4 |     708 |       0 |   0.0 |      23 |       0 |   0.0
        D:5 |     460 |     748 |  61.9 |      18 |       5 |  21.7
        D:6 |     812 |     637 |  44.0 |      18 |       8 |  30.8
        D:7 |    1061 |    1400 |  56.9 |      15 |      16 |  51.6
        D:8 |    1332 |    3169 |  70.4 |      12 |       5 |  29.4
            +---------+---------+-------+---------+---------+-------

Illustrated notes

Table legend:
 A = Kills in this place as a percentage of kills in entire the game.
 B = Kills by you in this place as a percentage of kills by you in the entire game.
 C = Kills by friends in this place as a percentage of kills by friends in the entire game.
 D = Other kills in this place as a percentage of other kills in the entire game.
 E = Experience gained in this place as a percentage of experience gained in the entire game.
 F = Experience gained in this place divided by the number of levels of this place that you have seen.
                   A       B       C       D       E      F
               +-------+-------+-------+-------+-------+----------------------
         Total | 100.0 | 100.0 |   N/A |   N/A | 100.0 | 1046.0
       Dungeon | 100.0 | 100.0 |   N/A |   N/A | 100.0 | 1162.2
               +-------+-------+-------+-------+-------+----------------------

Table legend: (Time is in decaauts)
 A = Elapsed time spent in this place.
 B = Non-inter-level travel time spent in this place.
 C = Inter-level travel time spent in this place.
 D = Time resting spent in this place.
 E = Time spent auto-exploring this place.
 F = Levels seen in this place.
 G = Mean time per level.
                   A        B        C        D        E       F      G
               +--------+--------+--------+--------+--------+-----+--------+
         Total |  12431 |  12131 |    300 |     17 |  10678 |  10 | 1243.1 |
       Dungeon |  12342 |  12042 |    300 |      4 |  10678 |   9 | 1371.3 |
         Abyss |     88 |     88 |      0 |     13 |      0 |   1 |   88.0 |
               +--------+--------+--------+--------+--------+-----+--------+

Top non-repeatable levels by time:
     D:6: 2333 daAuts
     D:4: 1845 daAuts
     D:7: 1624 daAuts
     D:5: 1546 daAuts
     D:2: 1533 daAuts
     D:3: 1453 daAuts
     D:1: 1263 daAuts
     D:8: 735 daAuts
 Abyss:1: 88 daAuts
     D:9: 6 daAuts
